AA
MYRTLE BEACH SHOREBIRDS @ MIRAMAR MAVERICKS
04/23/2060
 
TOP OF THE 1ST
Myrtle Beach Shorebirds batting - Pitching for Miramar Mavericks : LHP Furman Cordero
Pitching: LHP Furman Cordero
Batting: RHB Amani Hansen 0-0: Called Strike
0-1: Ball
1-1: Foul Ball, location: 2F
1-2: DOUBLE (Line Drive, 9LM, EV 113.1 MPH)
Batting: RHB Casey Dodd 0-0: Ball
1-0: Foul Ball, location: 2F
1-1: DOUBLE (Line Drive, 3D, EV 98.8 MPH)
Amani Hansen scores
Batting: RHB Joey Wilburn 0-0: Ball
1-0: Called Strike
1-1: Called Strike
1-2: Foul Ball, location: 2F
1-2: Ball
2-2: Reached on error, E6 (Groundball, 6, EV 91.9 MPH)
Casey Dodd to third
Batting: RHB Trevor Tyus 0-0: Called Strike
0-1: Foul Ball, location: 2F
0-2: Strikes out swinging
Batting: RHB Brendon Slagle 0-0: Called Strike
0-1: Ball
1-1: Foul Ball, location: 2F
1-2: Strikes out swinging
Batting: RHB Blake Molsberry 0-0: Ball
1-0: Foul Ball, location: 2F
1-1: Fly out, F3 (Popup, 3SF, EV 71.9 MPH)
Top of the 1st over - 1 run, 2 hits, 1 error, 2 left on base; Myrtle Beach 1 - Miramar 0
BOTTOM OF THE 1ST
Miramar Mavericks batting - Pitching for Myrtle Beach Shorebirds : LHP Stuart Vincent
Pitching: LHP Stuart Vincent
Batting: RHB Jayce Papanicolaou 0-0: Called Strike
0-1: Swinging Strike
0-2: Strikes out swinging
Batting: RHB Henry DiLoreto 0-0: Called Strike
0-1: Ball
1-1: Foul Ball, location: 2F
1-2: Strikes out swinging
Batting: RHB Tate Elliott 0-0: Ball
1-0: Foul Ball, location: 2F
1-1: Foul Ball, location: 2F
1-2: Strikes out swinging
Bottom of the 1st over - 0 runs, 0 hits, 0 errors, 0 left on base; Myrtle Beach 1 - Miramar 0
TOP OF THE 2ND
Myrtle Beach Shorebirds batting - Pitching for Miramar Mavericks : LHP Furman Cordero
Batting: RHB Deshazor Velasquez 0-0: Called Strike
0-1: Ball
1-1: Swinging Strike
1-2: Ball
2-2: Foul Ball, location: 2F
2-2: Ball
3-2: Base on Balls
Batting: RHB Keyon Yamamoto 0-0: Ball
1-0: Ball
2-0: Called Strike
2-1: Ball
3-1: SINGLE (Groundball, 25, EV 64.4 MPH) (infield hit)
Deshazor Velasquez to second
Batting: SHB Evan Lind 0-0: Called Strike
0-1: Ball
1-1: Swinging Strike
1-2: Strikes out swinging
Batting: RHB Amani Hansen 0-0: Called Strike
0-1: Ball
1-1: Ball
2-1: Called Strike
2-2: Foul Ball, location: 2F
2-2: Foul Ball, location: 2F
2-2: SINGLE (Groundball, 5S, EV 71.2 MPH) (infield hit)
Deshazor Velasquez to third
Keyon Yamamoto to second
Batting: RHB Casey Dodd 0-0: Called Strike
0-1: Ball
1-1: Swinging Strike
1-2: Ball
2-2: Ball
3-2: Base on Balls
Deshazor Velasquez scores
Keyon Yamamoto to third
Amani Hansen to second
Batting: RHB Joey Wilburn 0-0: Ball
1-0: Ball
2-0: Foul Ball, location: 2F
2-1: Ball
3-1: Fly out, F4 (Popup, 4MD, EV 38.1 MPH)
Batting: RHB Trevor Tyus 0-0: Fly out, F9 (Flyball, 89M, EV 96.2 MPH)
Top of the 2nd over - 1 run, 2 hits, 0 errors, 3 left on base; Myrtle Beach 2 - Miramar 0
BOTTOM OF THE 2ND
Miramar Mavericks batting - Pitching for Myrtle Beach Shorebirds : LHP Stuart Vincent
Batting: RHB Corey Creager 0-0: Foul Ball, location: 2F
0-1: Ground out 1-3 (Groundball, P, EV 71.9 MPH)
Batting: LHB Darren Hidalgo 0-0: Ball
1-0: Foul Ball, location: 2F
1-1: Foul Ball, location: 2F
1-2: Strikes out swinging
Batting: RHB Will Dearmon 0-0: Called Strike
0-1: Called Strike
0-2: Ball
1-2: Ground out 5-3 (Groundball, 56, EV 85.6 MPH)
Bottom of the 2nd over - 0 runs, 0 hits, 0 errors, 0 left on base; Myrtle Beach 2 - Miramar 0
TOP OF THE 3RD
Myrtle Beach Shorebirds batting - Pitching for Miramar Mavericks : LHP Furman Cordero
Batting: RHB Brendon Slagle 0-0: Ball
1-0: Ball
2-0: Called Strike
2-1: Foul Ball, location: 2F
2-2: Strikes out swinging
Batting: RHB Blake Molsberry 0-0: SINGLE (Line Drive, 34, EV 97.5 MPH)
Batting: RHB Deshazor Velasquez 0-0: Ball
1-0: Ball
2-0: Ball
3-0: Called Strike
3-1: SINGLE (Popup, 2R, EV 90.0 MPH)
Blake Molsberry to second
Batting: RHB Keyon Yamamoto 0-0: Called Strike
0-1: Called Strike
0-2: Ball
1-2: SINGLE (Flyball, 8LS, EV 92.5 MPH)
Blake Molsberry to third
Deshazor Velasquez to second
Batting: SHB Evan Lind 0-0: Called Strike
0-1: Ball
1-1: Called Strike
1-2: Foul Ball, location: 2F
1-2: Ball
2-2: Ball
3-2: Base on Balls
Blake Molsberry scores
Deshazor Velasquez to third
Keyon Yamamoto to second
Batting: RHB Amani Hansen 0-0: Ball
1-0: Ball
2-0: Ball
3-0: Base on Balls
Deshazor Velasquez scores
Keyon Yamamoto to third
Evan Lind to second
Batting: RHB Casey Dodd 0-0: Ball
1-0: Ball
2-0: Ball
3-0: Called Strike
3-1: Called Strike
3-2: Base on Balls
Keyon Yamamoto scores
Evan Lind to third
Amani Hansen to second
Batting: RHB Joey Wilburn 0-0: Fly out, F7 (Flyball, 7LM, EV 103.8 MPH)
Runner from 3rd tags up, SCORES, throw by LF
Amani Hansen to third
Batting: RHB Trevor Tyus 0-0: Ball
1-0: SINGLE (Line Drive, 7S, EV 103.8 MPH)
Amani Hansen scores
Casey Dodd to second
Pitching: RHP Shawn Matheson
Batting: RHB Brendon Slagle 0-0: Ball
1-0: Ball
2-0: Ball
3-0: Fly out, F8 (Flyball, 8LD, EV 98.1 MPH)
Top of the 3rd over - 5 runs, 4 hits, 0 errors, 2 left on base; Myrtle Beach 7 - Miramar 0
BOTTOM OF THE 3RD
Miramar Mavericks batting - Pitching for Myrtle Beach Shorebirds : LHP Stuart Vincent
Batting: SHB Gavin Campbell 0-0: Ground out 5-3 (Groundball, 56S, EV 80.0 MPH)
Batting: SHB Jerrold Warmisch 0-0: Called Strike
0-1: Foul Ball, location: 2F
0-2: Strikes out swinging
Batting: SHB Braden Kelley 0-0: Ball
1-0: Ball
2-0: Ground out 4-3 (Groundball, 4, EV 77.5 MPH)
Bottom of the 3rd over - 0 runs, 0 hits, 0 errors, 0 left on base; Myrtle Beach 7 - Miramar 0
TOP OF THE 4TH
Myrtle Beach Shorebirds batting - Pitching for Miramar Mavericks : RHP Shawn Matheson
Batting: RHB Blake Molsberry 0-0: Called Strike
0-1: Ball
1-1: Called Strike
1-2: Fly out, F8 (Flyball, 89XD, EV 85.0 MPH)
Batting: RHB Deshazor Velasquez 0-0: Ball
1-0: Ball
2-0: Foul Ball, location: 2F
2-1: Foul Ball, location: 2F
2-2: Ball
3-2: Strikes out swinging
Batting: RHB Keyon Yamamoto 0-0: Foul Ball, location: 2F
0-1: Called Strike
0-2: Ball
1-2: Fly out, F9 (Flyball, 9D, EV 106.9 MPH)
Top of the 4th over - 0 runs, 0 hits, 0 errors, 0 left on base; Myrtle Beach 7 - Miramar 0
BOTTOM OF THE 4TH
Miramar Mavericks batting - Pitching for Myrtle Beach Shorebirds : LHP Stuart Vincent
Batting: RHB Jayce Papanicolaou 0-0: Ball
1-0: Ground out 6-3 (Groundball, 56, EV 83.1 MPH)
Batting: RHB Henry DiLoreto 0-0: Ball
1-0: Foul Ball, location: 2F
1-1: Ball
2-1: Ball
3-1: Base on Balls
Batting: RHB Tate Elliott 0-0: Called Strike
0-1: Ball
1-1: Ball
2-1: Ball
3-1: Called Strike
3-2: Base on Balls
Henry DiLoreto to second
Batting: RHB Corey Creager 0-0: Ground out 6-3 (Groundball, 56D, EV 96.2 MPH)
Henry DiLoreto to third
Tate Elliott to second
Batting: LHB Darren Hidalgo 0-0: Ball
1-0: Ball
2-0: SINGLE (Flyball, 56D, EV 93.8 MPH)
Henry DiLoreto scores
Tate Elliott to third
Runner from 3rd tries for Home, SAFE, throw by LF to home
Batting: RHB Will Dearmon 0-0: Ball
1-0: Ball
2-0: Ball
3-0: Called Strike
3-1: Base on Balls
Darren Hidalgo to second
Batting: SHB Gavin Campbell 0-0: Ball
1-0: Swinging Strike
1-1: Swinging Strike
1-2: Strikes out swinging
Bottom of the 4th over - 2 runs, 1 hit, 0 errors, 2 left on base; Myrtle Beach 7 - Miramar 2
TOP OF THE 5TH
Myrtle Beach Shorebirds batting - Pitching for Miramar Mavericks : RHP Shawn Matheson
Batting: SHB Evan Lind 0-0: Called Strike
0-1: Called Strike
0-2: Strikes out looking
Batting: RHB Amani Hansen 0-0: Fly out, F6 (Line Drive, 6, EV 73.8 MPH)
Batting: RHB Casey Dodd 0-0: Ball
1-0: Ball
2-0: Fly out, F3 (Popup, 34S, EV 66.2 MPH)
Top of the 5th over - 0 runs, 0 hits, 0 errors, 0 left on base; Myrtle Beach 7 - Miramar 2
BOTTOM OF THE 5TH
Miramar Mavericks batting - Pitching for Myrtle Beach Shorebirds : LHP Stuart Vincent
Batting: SHB Jerrold Warmisch 0-0: Ball
1-0: Called Strike
1-1: Ball
2-1: Foul Ball, location: 2F
2-2: Strikes out looking
Batting: SHB Braden Kelley 0-0: Ball
1-0: Called Strike
1-1: Called Strike
1-2: Strikes out swinging
Batting: RHB Jayce Papanicolaou 0-0: Ball
1-0: Called Strike
1-1: TRIPLE (Flyball, 89XD, EV 87.5 MPH)
Batting: RHB Henry DiLoreto 0-0: Ball
1-0: Foul Ball, location: 2F
1-1: Foul Ball, location: 2F
1-2: Strikes out looking
Bottom of the 5th over - 0 runs, 1 hit, 0 errors, 1 left on base; Myrtle Beach 7 - Miramar 2
TOP OF THE 6TH
Myrtle Beach Shorebirds batting - Pitching for Miramar Mavericks : RHP Shawn Matheson
Batting: RHB Joey Wilburn 0-0: Ball
1-0: Fly out, F9 (Flyball, 9D, EV 90.0 MPH)
Batting: RHB Trevor Tyus 0-0: Called Strike
0-1: SINGLE (Flyball, 3D, EV 91.9 MPH)
Batting: RHB Brendon Slagle 0-0: Ball
1-0: Foul Ball, location: 2F
1-1: Swinging Strike
1-2: Ball
2-2: Fly out, F8 (Flyball, 89D, EV 81.2 MPH)
Batting: RHB Blake Molsberry 0-0: Called Strike
0-1: Foul Ball, location: 2F
0-2: Ball
1-2: Foul Ball, location: 2F
1-2: Ball
2-2: Ball
3-2: Foul Ball, location: 2F
3-2: Strikes out swinging
Top of the 6th over - 0 runs, 1 hit, 0 errors, 1 left on base; Myrtle Beach 7 - Miramar 2
BOTTOM OF THE 6TH
Miramar Mavericks batting - Pitching for Myrtle Beach Shorebirds : LHP Stuart Vincent
Batting: RHB Tate Elliott 0-0: Ball
1-0: Called Strike
1-1: Swinging Strike
1-2: Foul Ball, location: 2F
1-2: Foul Ball, location: 2F
1-2: SOLO HOME RUN (Flyball, 9LD, EV 90.0 MPH), Distance : 340 ft
Batting: RHB Corey Creager 0-0: Called Strike
0-1: Called Strike
0-2: Strikes out swinging
Batting: LHB Darren Hidalgo 0-0: Swinging Strike
0-1: Swinging Strike
0-2: SINGLE (Line Drive, 56D, EV 101.2 MPH)
Batting: RHB Will Dearmon 0-0: Called Strike
0-1: Swinging Strike
0-2: Ball
1-2: DOUBLE (Line Drive, 9LS, EV 106.9 MPH)
Darren Hidalgo to third
Batting: SHB Gavin Campbell 0-0: Ball
1-0: Ball
2-0: Called Strike
2-1: Ground out 5-3 (Groundball, 56, EV 76.9 MPH)
Darren Hidalgo scores
Batting: SHB Jerrold Warmisch 0-0: Ball
1-0: Foul Ball, location: 2F
1-1: Ball
2-1: Foul Ball, location: 2F
2-2: Ball
Passed Ball!
Will Dearmon to third
3-2: Strikes out looking
Bottom of the 6th over - 2 runs, 3 hits, 0 errors, 1 left on base; Myrtle Beach 7 - Miramar 4
TOP OF THE 7TH
Myrtle Beach Shorebirds batting - Pitching for Miramar Mavericks : RHP Shawn Matheson
Batting: RHB Deshazor Velasquez 0-0: Called Strike
0-1: Ground out 4-3 (Groundball, 4, EV 110.0 MPH)
Batting: RHB Keyon Yamamoto 0-0: Called Strike
0-1: Foul Ball, location: 2F
0-2: Strikes out looking
Batting: SHB Evan Lind 0-0: Called Strike
0-1: Foul Ball, location: 2F
0-2: Ball
1-2: Ball
2-2: Foul Ball, location: 2F
2-2: Fly out, F9 (Line Drive, 9S, EV 86.2 MPH)
Top of the 7th over - 0 runs, 0 hits, 0 errors, 0 left on base; Myrtle Beach 7 - Miramar 4
BOTTOM OF THE 7TH
Miramar Mavericks batting - Pitching for Myrtle Beach Shorebirds : LHP Stuart Vincent
Batting: SHB Braden Kelley 0-0: Foul Ball, location: 2F
0-1: Ball
1-1: Called Strike
1-2: Ball
2-2: Foul Ball, location: 2F
2-2: Ball
3-2: Fly out, F7 (Flyball, 78S, EV 93.1 MPH)
Pitching: RHP T.J. Britton
Batting: RHB Jayce Papanicolaou 0-0: Ball
1-0: Reached on error, E6 (Groundball, 6S, EV 71.9 MPH)
Batting: RHB Henry DiLoreto 0-0: Ball
1-0: Called Strike
1-1: Foul Ball, location: 2F
1-2: Strikes out swinging
Batting: RHB Tate Elliott 0-0: Swinging Strike
0-1: Ball
1-1: Ball
2-1: Swinging Strike
2-2: Hit by Pitch
Jayce Papanicolaou to second
Pinch Runner at 1st Tommy Tar:
Batting: RHB Corey Creager 0-0: Called Strike
0-1: DOUBLE (Line Drive, 78M, EV 94.4 MPH)
Jayce Papanicolaou scores
Tommy Tar to third
Runner from 3rd tries for Home, throw by LF and OUT! 7-6-2
Bottom of the 7th over - 1 run, 1 hit, 1 error, 1 left on base; Myrtle Beach 7 - Miramar 5
TOP OF THE 8TH
Myrtle Beach Shorebirds batting - Pitching for Miramar Mavericks : RHP Shawn Matheson
Now in CF: Darren Hidalgo
Now in RF: Tommy Tar
Batting: RHB Amani Hansen 0-0: DOUBLE (Line Drive, 8RXD, EV 100.6 MPH)
Pitching: LHP Jamie Carrow
Batting: RHB Casey Dodd 0-0: Ball
1-0: Ball
2-0: Ball
3-0: Called Strike
3-1: Ground out 4-3 (Groundball, 4, EV 106.2 MPH)
Amani Hansen to third
Batting: RHB Joey Wilburn 0-0: Ball
1-0: 2-RUN HOME RUN (Line Drive, 7D, EV 103.1 MPH), Distance : 388 ft
Batting: RHB Trevor Tyus 0-0: Ball
1-0: Foul Ball, location: 2F
1-1: Ball
2-1: Fly out, F9 (Flyball, 9S, EV 93.8 MPH)
Batting: RHB Brendon Slagle 0-0: Foul Ball, location: 2F
0-1: Called Strike
0-2: Ball
1-2: Strikes out swinging, 2-3 out at first.
Top of the 8th over - 2 runs, 2 hits, 0 errors, 0 left on base; Myrtle Beach 9 - Miramar 5
BOTTOM OF THE 8TH
Miramar Mavericks batting - Pitching for Myrtle Beach Shorebirds : RHP T.J. Britton
Batting: LHB Darren Hidalgo 0-0: Ball
1-0: Called Strike
1-1: Swinging Strike
1-2: SINGLE (Groundball, 4MD, EV 100.0 MPH)
Batting: RHB Will Dearmon 0-0: Ball
1-0: Called Strike
1-1: Foul Ball, location: 2F
1-2: Foul Ball, location: 2F
1-2: Strikes out swinging
Batting: SHB Gavin Campbell 0-0: Fly out, F8 (Flyball, 89M, EV 79.4 MPH)
Batting: SHB Jerrold Warmisch 0-0: SINGLE (Groundball, 4MD, EV 105.6 MPH)
Darren Hidalgo to second
Batting: SHB Braden Kelley 0-0: Swinging Strike
0-1: Ball
1-1: Swinging Strike
1-2: Ball
2-2: Strikes out looking
Bottom of the 8th over - 0 runs, 2 hits, 0 errors, 2 left on base; Myrtle Beach 9 - Miramar 5
TOP OF THE 9TH
Myrtle Beach Shorebirds batting - Pitching for Miramar Mavericks : LHP Jamie Carrow
Batting: RHB Blake Molsberry 0-0: Ball
1-0: Called Strike
1-1: Foul Ball, location: 2F
1-2: Strikes out looking
Batting: RHB Deshazor Velasquez 0-0: Ball
1-0: Called Strike
1-1: Ball
2-1: Called Strike
2-2: Strikes out swinging
Batting: RHB Keyon Yamamoto 0-0: Swinging Strike
0-1: Called Strike
0-2: Fly out, F6 (Popup, 6MD, EV 67.5 MPH)
Top of the 9th over - 0 runs, 0 hits, 0 errors, 0 left on base; Myrtle Beach 9 - Miramar 5
BOTTOM OF THE 9TH
Miramar Mavericks batting - Pitching for Myrtle Beach Shorebirds : RHP T.J. Britton
Batting: RHB Jayce Papanicolaou 0-0: Ball
1-0: SINGLE (Groundball, 56S, EV 71.2 MPH) (infield hit)
Batting: RHB Henry DiLoreto 0-0: SINGLE (Line Drive, 89S, EV 98.1 MPH)
Jayce Papanicolaou to second
Pitching: RHP Nolan Olinger
Batting: LHB Tommy Tar 0-0: Ball
1-0: Swinging Strike
1-1: Ball
2-1: Foul Ball, location: 2F
2-2: Foul Ball, location: 2F
2-2: Fly out, F8 (Line Drive, 8RS, EV 97.5 MPH)
Batting: RHB Corey Creager 0-0: Ball
1-0: Ball
2-0: Ball
3-0: Called Strike
3-1: Base on Balls
Jayce Papanicolaou to third
Henry DiLoreto to second
Batting: LHB Darren Hidalgo 0-0: Called Strike
0-1: Called Strike
0-2: Foul Ball, location: 2F
0-2: Ball
1-2: Strikes out swinging
Batting: RHB Will Dearmon 0-0: Called Strike
0-1: Ball
1-1: Foul Ball, location: 2F
1-2: Ball
Wild Pitch!
Jayce Papanicolaou scores
Henry DiLoreto to third
Corey Creager to second
2-2: Strikes out swinging
Bottom of the 9th over - 1 run, 2 hits, 0 errors, 2 left on base; Myrtle Beach 9 - Miramar 6
Monday, April 29th , 2024 - OOTP Baseball 23.10 Build 110